 Dungeon Crawl Stone Soup version 0.23-a0-650-ga4d50d4 (webtiles) character file.

72 Lilu the Conjurer (level 4, -3/25 HPs)
             Began as a Deep Elf Conjurer on Jan 6, 2019.
             Killed from afar by an orc wizard (6 damage)
             ... with a puff of frost
             ... on level 2 of the Dungeon.
             The game lasted 00:06:11 (1833 turns).

Lilu the Conjurer (Deep Elf Conjurer)               Turns: 1833, Time: 00:06:11

Health: -3/25      AC:  2    Str:  6    XL:     4   Next: 6%
Magic:  4/11       EV: 13    Int: 20    God:
Gold:   67         SH:  0    Dex: 15    Spells: 4/10 levels left

rFire    . . .     SeeInvis .   f - +0 short sword
rCold    . . .     Gourm    .   (no shield)
rNeg     . . .     Faith    .   a - +0 robe
rPois    .         Spirit   .   (no helmet)
rElec    .         Reflect  .   (no cloak)
rCorr    .         Harm     .   (no gloves)
MR       .....                  (no boots)
Stlth    ++........             (no amulet)
HPRegen  0.08/turn              (no ring)
MPRegen  0.12/turn              (no ring)

@: lethally poisoned (-3 -> -10)
A: no striking features
a: no special abilities


You were on level 2 of the Dungeon.
You were not hungry.

You visited 1 branch of the dungeon, and saw 3 of its levels.

You collected 67 gold pieces.

Inventory:

Hand Weapons
 f - a +0 short sword (weapon)
 n - a +0 spear
Missiles
 b - 7 sling bullets
Armour
 a - a +0 robe (worn)
Scrolls
 e - 2 scrolls of fog {unknown}
 g - a scroll of random uselessness {unknown}
 j - a scroll of remove curse {unknown}
 k - a scroll of blinking {unknown}
 l - 2 scrolls of identify {unknown}
 m - a scroll of fear {unknown}
Potions
 h - a potion of berserk rage {unknown}
 i - a potion of curing {unknown}
 o - a potion of heal wounds {unknown}
Comestibles
 c - 8 rations


   Skills:
 + Level 1.2 Fighting
 + Level 3.3 Dodging
 - Level 2.4 Stealth
 + Level 3.8 Spellcasting
 + Level 4.8 Conjurations
 + Level 0.5 Fire Magic


You had 4 spell levels left.
You knew the following spells:

 Your Spells              Type           Power        Failure   Level  Hunger
a - Magic Dart            Conj           ###.         1%          1    None
b - Searing Ray           Conj           ###...       2%          2    ##.....
c - Conjure Flame         Conj/Fire      ##......     13%         3    ###....

Your spell library contained the following spells:

 Spells                   Type           Power        Failure   Level  Hunger
 Dazzling Spray           Conj/Hex       ##....       14%         3    ###....
 Iskenderun's Mystic Bla  Conj           ###.....     17%         4    ####...
 Blink                    Tloc           N/A          21%         2    ##.....
 Call Imp                 Summ           #.......     21%         2    ##.....
 Slow                     Hex            #.......     21%         2    ##.....
 Mephitic Cloud           Conj/Pois/Air  ##......     21%         3    ###....
 Force Lance              Conj/Tloc      ##......     43%         4    ####...
 Fulminant Prism          Conj/Hex       ##........   43%         4    ####...


Dungeon Overview and Level Annotations

Branches:
Dungeon (3/15)

Altars:


Message History

You feel clever.
The orc wizard hits you but does no damage.
Casting: Magic Dart (safe; 1% risk of failure)
Confirm with . or Enter, or press ? or * to list all spells.
Aiming: Searing Ray (safe; 2% risk of failure)
Press: ? - help, Shift-Dir - straight line, f - orc wizard
Aim: an orc wizard, wielding a +0 dagger and wearing a cursed +0 robe The searing ray hits the orc wizard.
The orc wizard is lightly wounded. (Press . to maintain the ray.)
* * * LOW HITPOINT WARNING * * *
You feel sick.
The orc wizard hits you but does no damage.
The searing ray hits the orc wizard.
The orc wizard is moderately wounded.
* * * LOW HITPOINT WARNING * * *
You feel sick.
The orc wizard gestures at you while chanting.
The puff of frost hits you!
You die...

#.............
#########.####.###....
#.........# #.# #####
#.######### #.# #
######.######## #.# #
#####.............# #.# ##
#..........######.#####.######.
#.###.###..######.##...........
#.# #.###.....@o........######.
#.# #.......####..##.##.# ##
#.# #.#<#.#### #..##.##.# # #.#
#........# #..##.##.# #)#
#.#.#.##.# #.<##.##.# #.#
#.#.#.##.# #.....##.# #.#
#.#.#.##.###..#####.####
#.###.............# ##.....#
#.........##.###.####.#....#


You could see an orc wizard.

Vanquished Creatures
  3 adders (D:2)
  A dart slug (D:2)
  A leopard gecko (D:1)
  4 bats (D:1)
  A giant cockroach (D:1)
  7 hobgoblins
  8 jackals (D:2)
  3 frilled lizards (D:1)
  5 kobolds (D:1)
  8 rats
41 creatures vanquished.

Notes
Turn   | Place    | Note
-------+----------+-------------------------------------------
     0 | D:1      | Lilu the Deep Elf Conjurer began the quest for the Orb.
     0 | D:1      | Reached XP level 1. HP: 10/10 MP: 6/6
   332 | D:1      | Reached XP level 2. HP: 16/16 MP: 5/8
  1053 | D:1      | Learned a level 2 spell: Searing Ray
  1063 | D:2      | Reached XP level 3. HP: 13/20 MP: 5/10
  1196 | D:2      | Reached skill level 1 in Fighting
  1261 | D:2      | Learned a level 3 spell: Conjure Flame
  1831 | D:2      | Reached XP level 4. HP: 4/25 MP: 6/11
  1833 | D:2      | Killed from afar by an orc wizard

Vault maps used:
D:1:      evilmike_arrival_hilbert_curve, st_stairs_10
D:2:      dk_vineyard_1
D:3:      overflow_temple_1_default

Skill      XL: |  1  2  3 |
---------------+----------+-----
Dodging        | 3 |  3.3
Fighting       | 1 |  1.2
Stealth        | |  2.4
Spellcasting   | |  3.8
Conjurations   | |  4.8
Fire Magic     | |  0.5

Action                   |  1- 3 |  4- 6 || total
-------------------------+-------+-------++-------
Melee: Short sword       |     4 |       ||     4
 Cast: Magic Dart        |    62 |     1 ||    63
       Searing Ray       |     3 |     1 ||     4
 Stab: Sleeping          |     1 |       ||     1
  Eat: Chunk             |     3 |       ||     3
Armor: Robe              |     6 |     1 ||     7
Dodge: Dodged            |    15 |       ||    15

Table legend:
 A = Non-vault XP
 B = Vault XP
 C = Vault XP percentage of total XP
 D = Non-vault monster count
 E = Vault monster count
 F = Vault count percentage of total count
                 A         B        C        D         E       F
            +---------+---------+-------+---------+---------+-------
      Total |     100 |       3 |   2.9 |      39 |       2 |   4.9
            +---------+---------+-------+---------+---------+-------
        D:1 |      36 |       3 |   7.7 |      23 |       2 |   8.0
        D:2 |      64 |       0 |   0.0 |      16 |       0 |   0.0
            +---------+---------+-------+---------+---------+-------
